MLB
HOUSTON ASTROS @ TORONTO BLUE JAYS
09/01/2019
 
TOP OF THE 1ST
Houston Astros batting - Pitching for Toronto Blue Jays : RHP Lance Lynn
Pitching: RHP Lance Lynn
Batting: SHB Jorge Polanco 0-0: Swinging Strike
0-1: Bunt for hit to 5S - play at first, batter safe!
Batting: SHB Ben Zobrist 0-0: Foul Ball, location: 2F
0-1: Ball
1-1: Ground out 4-3 (Groundball, 4, EV 88.1 MPH)
Jorge Polanco to second
Batting: RHB Trey Mancini 0-0: Called Strike
0-1: Ground out 6-3 (Groundball, 6, EV 104.4 MPH)
Batting: SHB Tucker Barnhart 0-0: Ball
1-0: Foul Ball, location: 2F
1-1: Called Strike
1-2: Ball
2-2: Ball
3-2: Foul Ball, location: 2F
3-2: DOUBLE (Line Drive, 9LS, EV 95.0 MPH)
Jorge Polanco scores
Batting: LHB Omar Narvaez 0-0: Called Strike
0-1: Called Strike
0-2: Ground out U3 (Groundball, 3S, EV 74.4 MPH)
Top of the 1st over - 1 run, 2 hits, 0 errors, 1 left on base; Houston 1 - Toronto 0
BOTTOM OF THE 1ST
Toronto Blue Jays batting - Pitching for Houston Astros : RHP Adonis Medina
Pitching: RHP Adonis Medina
Batting: RHB Keon Broxton 0-0: Swinging Strike
0-1: Ball
1-1: Ball
2-1: Foul Ball, location: 2F
2-2: Strikes out swinging
Batting: RHB Elvis Andrus 0-0: Ball
1-0: Ball
2-0: Called Strike
2-1: Called Strike
2-2: Foul Ball, location: 2F
2-2: Ground out 6-3 (Groundball, 56, EV 81.9 MPH)
Batting: RHB Kris Bryant 0-0: Swinging Strike
0-1: Foul Ball, location: 2F
0-2: Ball
1-2: TRIPLE (Line Drive, 89XD, EV 103.1 MPH)
Batting: RHB Nicholas Castellanos 0-0: Foul Ball, location: 2F
0-1: Ball
1-1: Swinging Strike
1-2: Foul Ball, location: 2F
1-2: 2-RUN HOME RUN (Line Drive, 7D, EV 101.3 MPH), Distance : 389 ft
Batting: RHB Yoenis Cespedes 0-0: Ball
1-0: Called Strike
1-1: DOUBLE (Line Drive, 89D, EV 113.8 MPH)
Batting: SHB Josh Bell 0-0: Ball
1-0: Fly out, F6 (Popup, 6MD, EV 73.8 MPH)
Bottom of the 1st over - 2 runs, 3 hits, 0 errors, 1 left on base; Houston 1 - Toronto 2
TOP OF THE 2ND
Houston Astros batting - Pitching for Toronto Blue Jays : RHP Lance Lynn
Batting: LHB Dominic Smith 0-0: Ball
1-0: Ball
2-0: Ball
3-0: Base on Balls
Batting: RHB Jorge Bonifacio 0-0: Ball
1-0: Ball
2-0: Called Strike
2-1: Foul Ball, location: 2F
2-2: Strikes out swinging
Batting: LHB Bradley Zimmer 0-0: Ball
1-0: Called Strike
1-1: Foul Ball, location: 2F
1-2: Ball
2-2: Strikes out swinging
Batting: LHB Rio Ruiz 0-0: Swinging Strike
0-1: Ball
1-1: Ground out U3 (Groundball, 34S, EV 65.6 MPH)
Top of the 2nd over - 0 runs, 0 hits, 0 errors, 1 left on base; Houston 1 - Toronto 2
BOTTOM OF THE 2ND
Toronto Blue Jays batting - Pitching for Houston Astros : RHP Adonis Medina
Batting: RHB Travis d'Arnaud 0-0: Called Strike
0-1: Ball
1-1: Ball
2-1: Foul Ball, location: 2F
2-2: Foul Ball, location: 2F
2-2: Foul Ball, location: 2F
2-2: SOLO HOME RUN (Flyball, 7D, EV 101.9 MPH), Distance : 379 ft
Batting: RHB Juan Lagares 0-0: DOUBLE (Line Drive, 7LM, EV 108.1 MPH)
Batting: RHB Dixon Machado 0-0: Ball
1-0: Ball
2-0: Foul Ball, location: 2F
2-1: Ball
3-1: DOUBLE (Line Drive, 8LD, EV 110.0 MPH)
Juan Lagares scores
Batting: RHB Keon Broxton 0-0: Fly out, F5 (Popup, 56S, EV 85.0 MPH)
Batting: RHB Elvis Andrus 0-0: Ball
1-0: Called Strike
1-1: Ball
2-1: Ground out 4-3 (Groundball, 4, EV 101.9 MPH)
Dixon Machado to third
Batting: RHB Kris Bryant 0-0: Ball
1-0: Ball
2-0: Ball
3-0: Base on Balls
Batting: RHB Nicholas Castellanos 0-0: Ball
1-0: Foul Ball, location: 2F
1-1: Swinging Strike
1-2: Strikes out swinging
Bottom of the 2nd over - 2 runs, 3 hits, 0 errors, 2 left on base; Houston 1 - Toronto 4
TOP OF THE 3RD
Houston Astros batting - Pitching for Toronto Blue Jays : RHP Lance Lynn
Batting: SHB Jorge Polanco 0-0: Ball
1-0: Foul Ball, location: 2F
1-1: Bunt for hit to 56S - play at first, batter safe!
Batting: SHB Ben Zobrist 0-0: Ball
Jorge Polanco steals 2nd base
1-0: Called Strike
1-1: Foul Ball, location: 2F
1-2: Ball
2-2: DOUBLE (Flyball, 8RXD, EV 96.9 MPH)
Jorge Polanco scores
Batting: RHB Trey Mancini 0-0: Called Strike
0-1: Ground out 6-3 (Groundball, 6, EV 91.9 MPH)
Batting: SHB Tucker Barnhart 0-0: Called Strike
0-1: Ball
1-1: Ball
2-1: SINGLE (Groundball, 4MD, EV 100.0 MPH)
Ben Zobrist to third
Runner from 3rd tries for Home, SAFE, no throw by CF
Batting: LHB Omar Narvaez 0-0: Ball
1-0: Ball
Wild Pitch!
Tucker Barnhart to second
2-0: Called Strike
2-1: Foul Ball, location: 2F
2-2: Foul Ball, location: 2F
2-2: Strikes out swinging
Batting: LHB Dominic Smith 0-0: Called Strike
0-1: Foul Ball, location: 2F
0-2: Ball
1-2: Ball
2-2: Ground out 6-3 (Groundball, 4M, EV 88.8 MPH)
Top of the 3rd over - 2 runs, 3 hits, 0 errors, 1 left on base; Houston 3 - Toronto 4
BOTTOM OF THE 3RD
Toronto Blue Jays batting - Pitching for Houston Astros : RHP Adonis Medina
Batting: RHB Yoenis Cespedes 0-0: Ball
1-0: Swinging Strike
1-1: Swinging Strike
1-2: Ball
2-2: Hit by Pitch
Batting: SHB Josh Bell 0-0: Ball
1-0: Called Strike
1-1: Ball
2-1: Ball
3-1: Base on Balls
Yoenis Cespedes to second
Batting: RHB Travis d'Arnaud 0-0: Ball
1-0: Foul Ball, location: 2F
1-1: Fielders Choice at 2nd, 6-4 (Groundball, 6, EV 83.8 MPH)
Yoenis Cespedes to third
Batting: RHB Juan Lagares 0-0: Fly out, F9 (Flyball, 9, EV 81.9 MPH)
Runner from 3rd tags up, SCORES, no throw by RF
Batting: RHB Dixon Machado 0-0: Fielders Choice at 2nd, 6-4 (Groundball, 6, EV 82.5 MPH)
Bottom of the 3rd over - 1 run, 0 hits, 0 errors, 1 left on base; Houston 3 - Toronto 5
TOP OF THE 4TH
Houston Astros batting - Pitching for Toronto Blue Jays : RHP Lance Lynn
Batting: RHB Jorge Bonifacio 0-0: Ball
1-0: Swinging Strike
1-1: Called Strike
1-2: Fly out, F9 (Flyball, 9LS, EV 95.0 MPH)
Batting: LHB Bradley Zimmer 0-0: Foul Ball, location: 2F
0-1: Ground out U3 (Groundball, 34, EV 80.6 MPH)
Batting: LHB Rio Ruiz 0-0: Fly out, F8 (Flyball, 8LM, EV 85.0 MPH)
Top of the 4th over - 0 runs, 0 hits, 0 errors, 0 left on base; Houston 3 - Toronto 5
BOTTOM OF THE 4TH
Toronto Blue Jays batting - Pitching for Houston Astros : RHP Adonis Medina
Batting: RHB Keon Broxton 0-0: Called Strike
0-1: Ball
1-1: Foul Ball, location: 2F
1-2: Strikes out swinging
Batting: RHB Elvis Andrus 0-0: Ball
1-0: Foul Ball, location: 2F
1-1: Ball
2-1: Ground out 6-3 (Groundball, 56, EV 101.3 MPH)
Batting: RHB Kris Bryant 0-0: Called Strike
0-1: Called Strike
0-2: Strikes out swinging
Bottom of the 4th over - 0 runs, 0 hits, 0 errors, 0 left on base; Houston 3 - Toronto 5
TOP OF THE 5TH
Houston Astros batting - Pitching for Toronto Blue Jays : RHP Lance Lynn
Batting: SHB Jorge Polanco 0-0: Fly out, F7 (Line Drive, 7D, EV 91.3 MPH)
Batting: SHB Ben Zobrist 0-0: Called Strike
0-1: Fly out, F9 (Flyball, 9D, EV 110.0 MPH)
Batting: RHB Trey Mancini 0-0: Called Strike
0-1: Ball
1-1: Called Strike
1-2: Strikes out swinging
Top of the 5th over - 0 runs, 0 hits, 0 errors, 0 left on base; Houston 3 - Toronto 5
BOTTOM OF THE 5TH
Toronto Blue Jays batting - Pitching for Houston Astros : RHP Adonis Medina
Pitching: RHP Jeff Hoffman
Batting: RHB Nicholas Castellanos 0-0: Called Strike
0-1: Called Strike
0-2: Ball
1-2: Strikes out looking
Batting: RHB Yoenis Cespedes 0-0: Ball
1-0: Ball
2-0: Ball
3-0: Called Strike
3-1: Base on Balls
Batting: SHB Josh Bell 0-0: Foul Ball, location: 2F
0-1: Grounds into double play, U6-3 (Groundball, 4M, EV 104.4 MPH)
Bottom of the 5th over - 0 runs, 0 hits, 0 errors, 0 left on base; Houston 3 - Toronto 5
TOP OF THE 6TH
Houston Astros batting - Pitching for Toronto Blue Jays : RHP Lance Lynn
Batting: SHB Tucker Barnhart 0-0: Ball
1-0: Ball
2-0: Swinging Strike
2-1: Foul Ball, location: 2F
2-2: Foul Ball, location: 2F
2-2: Ball
3-2: Base on Balls
Batting: LHB Omar Narvaez 0-0: Ball
1-0: Ball
2-0: Called Strike
2-1: Swinging Strike
2-2: SINGLE (Groundball, 34D, EV 108.1 MPH)
Tucker Barnhart to second
Runner from 2nd tries for 3rd, SAFE, throw by RF made to third
Batting: LHB Dominic Smith 0-0: Called Strike
0-1: Swinging Strike
0-2: Grounds into double play, 4-6-3 (Groundball, 4, EV 83.8 MPH)
Tucker Barnhart scores
Batting: RHB Jorge Bonifacio 0-0: Called Strike
0-1: Ball
1-1: Ball
2-1: Foul Ball, location: 2F
2-2: Foul Ball, location: 2F
2-2: Ground out U3 (Groundball, 34S, EV 64.4 MPH)
Top of the 6th over - 1 run, 1 hit, 0 errors, 0 left on base; Houston 4 - Toronto 5
BOTTOM OF THE 6TH
Toronto Blue Jays batting - Pitching for Houston Astros : RHP Jeff Hoffman
Batting: RHB Travis d'Arnaud 0-0: Ball
1-0: Foul Ball, location: 2F
1-1: Called Strike
1-2: Ball
2-2: Ball
3-2: Base on Balls
Batting: RHB Juan Lagares 0-0: Ball
1-0: Ball
2-0: Bunted foul
2-1: Sac Bunt to 13 - play at second, runner OUT! 1-6
Batting: RHB Dixon Machado 0-0: Ball
1-0: Foul Ball, location: 2F
1-1: Ball
2-1: Swinging Strike
2-2: Ball
3-2: Foul Ball, location: 2F
3-2: Foul Ball, location: 2F
3-2: Base on Balls
Juan Lagares to second
Batting: RHB Keon Broxton 0-0: Called Strike
0-1: Called Strike
0-2: Strikes out swinging
Batting: RHB Elvis Andrus 0-0: Ball
1-0: Ball
2-0: Foul Ball, location: 2F
2-1: Swinging Strike
2-2: Ball
3-2: Strikes out swinging
Bottom of the 6th over - 0 runs, 0 hits, 0 errors, 2 left on base; Houston 4 - Toronto 5
TOP OF THE 7TH
Houston Astros batting - Pitching for Toronto Blue Jays : RHP Lance Lynn
Pitching: RHP Trevor Rosenthal
Batting: LHB Bradley Zimmer 0-0: Ball
1-0: Foul Ball, location: 2F
1-1: Called Strike
1-2: Strikes out looking
Batting: LHB Rio Ruiz 0-0: Ball
1-0: Ball
2-0: Ball
3-0: Base on Balls
Batting: SHB Jorge Polanco 0-0: Ball
1-0: Called Strike
1-1: Foul Ball, location: 2F
1-2: Strikes out swinging
Batting: SHB Ben Zobrist 0-0: Ball
1-0: Swinging Strike
1-1: Swinging Strike
1-2: Ball
2-2: Strikes out looking
Top of the 7th over - 0 runs, 0 hits, 0 errors, 1 left on base; Houston 4 - Toronto 5
BOTTOM OF THE 7TH
Toronto Blue Jays batting - Pitching for Houston Astros : RHP Jeff Hoffman
Pitching: RHP Justin Lawrence
Batting: RHB Kris Bryant 0-0: Called Strike
0-1: Ball
1-1: Ground out 6-3 (Groundball, 6, EV 109.4 MPH)
Batting: RHB Nicholas Castellanos 0-0: Called Strike
0-1: Called Strike
0-2: Strikes out swinging
Batting: RHB Yoenis Cespedes 0-0: Ball
1-0: Called Strike
1-1: Swinging Strike
1-2: Foul Ball, location: 2F
1-2: Foul Ball, location: 2F
1-2: Foul Ball, location: 2F
1-2: Strikes out swinging
Bottom of the 7th over - 0 runs, 0 hits, 0 errors, 0 left on base; Houston 4 - Toronto 5
TOP OF THE 8TH
Houston Astros batting - Pitching for Toronto Blue Jays : RHP Trevor Rosenthal
Pitching: RHP Mason McCullough
Batting: RHB Trey Mancini 0-0: Called Strike
0-1: Called Strike
0-2: Ball
1-2: Foul Ball, location: 2F
1-2: Strikes out looking
Batting: SHB Tucker Barnhart 0-0: Ball
1-0: Called Strike
1-1: Fly out, F8 (Flyball, 8LM, EV 83.8 MPH)
Batting: LHB Omar Narvaez 0-0: Fly out, F4 (Line Drive, 4, EV 70.6 MPH)
Top of the 8th over - 0 runs, 0 hits, 0 errors, 0 left on base; Houston 4 - Toronto 5
BOTTOM OF THE 8TH
Toronto Blue Jays batting - Pitching for Houston Astros : RHP Justin Lawrence
Pitching: RHP Stephen Villines
Batting: SHB Josh Bell 0-0: Ball
1-0: SOLO HOME RUN (Flyball, 89XD, EV 108.8 MPH), Distance : 405 ft
Batting: RHB Travis d'Arnaud 0-0: Called Strike
0-1: Called Strike
0-2: SOLO HOME RUN (Flyball, 8RXD, EV 95.6 MPH), Distance : 440 ft
Batting: RHB Juan Lagares 0-0: Swinging Strike
0-1: Ball
1-1: Ball
2-1: Called Strike
2-2: Ball
3-2: Foul Ball, location: 2F
3-2: Fly out, F9 (Flyball, 9LS, EV 96.9 MPH)
Pitching: RHP Paul Sewald
Batting: RHB Dixon Machado 0-0: Ball
1-0: Called Strike
1-1: Ball
2-1: Swinging Strike
2-2: Strikes out swinging
Batting: RHB Keon Broxton 0-0: Swinging Strike
0-1: Swinging Strike
0-2: Strikes out swinging, 2-3 out at first.
Bottom of the 8th over - 2 runs, 2 hits, 0 errors, 0 left on base; Houston 4 - Toronto 7
TOP OF THE 9TH
Houston Astros batting - Pitching for Toronto Blue Jays : RHP Mason McCullough
Pitching: RHP Ken Giles
Batting: LHB Dominic Smith 0-0: DOUBLE (Line Drive, 8RXD, EV 97.5 MPH)
Batting: RHB Jorge Bonifacio 0-0: Ground out 5-3 (Groundball, 5L, EV 87.5 MPH)
Batting: LHB Bradley Zimmer 0-0: Called Strike
0-1: Ball
Wild Pitch!
Dominic Smith to third
1-1: Foul Ball, location: 2F
1-2: Strikes out swinging
Batting: LHB Rio Ruiz 0-0: Called Strike
0-1: Ball
1-1: SINGLE (Groundball, 3D, EV 103.1 MPH)
Dominic Smith scores
Batting: SHB Jorge Polanco 0-0: Ball
1-0: Ball
2-0: Ground out 4-3 (Groundball, 4, EV 110.0 MPH)
Top of the 9th over - 1 run, 2 hits, 0 errors, 1 left on base; Houston 5 - Toronto 7
Friday, December 6th, 2019 - OOTP Baseball 20.8 Build 73